 Dungeon Crawl Stone Soup version 0.15-a0-2265-gb33f7a6 (webtiles) character file.

59 Crauler the Covered (level 4, -8/31 HPs)
             Began as a Halfling Fighter on July 27, 2014.
             Mangled by an orc warrior
             ... wielding a +0 mace
              (12 damage)
             ... on Level 3 of the Dungeon.
             The game lasted 00:03:35 (1740 turns).

Crauler the Covered (Halfling Fighter)              Turns: 1740, Time: 00:03:35

HP  -8/31        AC  6     Str 17      XL: 4   Next: 22%
MP   4/4         EV 10     Int  7      God:
Gold 122         SH  5     Dex 13      Spells:  0 memorised,  3 levels left

rFire  . . .     SeeInvis .     s - +2 dagger (distort)
rCold  . . .     Clarity  .     b - +0 scale mail
rNeg   . . .     rCorr    .     c - +0 buckler
rPois  .         rRot     .     (no helmet)
rElec  .         Spirit   .     (no cloak)
SustAb .         Warding  .     (no gloves)
rMut   .         Stasis   .     (no boots)
Gourm  .                        (no amulet)
MR     .....                    (no ring)
                                (no ring)

@: not resistant to hostile enchantments, extremely unstealthy
A: mutation resistance 1
a: no special abilities


You were on level 3 of the Dungeon.
You were not hungry.

You visited 1 branch of the dungeon, and saw 3 of its levels.

You collected 122 gold pieces.

Inventory:

Hand weapons
 a - a +0 long sword
 s - a +2 dagger of distortion (weapon)
Missiles
 p - 4 tomahawks (quivered)
Armour
 b - a +0 scale mail (worn)
 c - a +0 buckler (worn)
Comestibles
 d - 3 bread rations
 f - a meat ration
 k - a royal jelly
 m - a slice of pizza
Scrolls
 g - 3 scrolls of identify {unknown}
 h - 2 scrolls of enchant weapon {unknown}
 i - a scroll of enchant armour {unknown}
 j - 2 scrolls of remove curse {unknown}
 q - 2 scrolls of fear {unknown}
Potions
 e - a potion of might
 l - a potion of curing {unknown}
 n - a potion of heal wounds {unknown}
 o - a potion of cure mutation {unknown}
 r - a potion of cancellation {unknown}


   Skills:
 + Level 3.3 Fighting
 * Level 1.0(1.9) Short Blades
 - Level 2.8(2.9) Long Blades
 + Level 3.6 Armour
 + Level 3.5 Shields


You had 3 spell levels left.
You didn't know any spells.

Dungeon Overview and Level Annotations

Branches:
Dungeon (3/15)

Altars:
Cheibriados
Trog


Innate Abilities, Weirdness & Mutations

You are small and have problems with some larger weapons.
You are somewhat resistant to further mutation.


Message History

a hand axe; a ring mail You completely miss the orc warrior.
The orc warrior hits you with a mace!!
Ouch! That really hurt!
* * * LOW HITPOINT WARNING * * *
You hit the orc warrior.
Space bends around the orc warrior.
The orc warrior is moderately wounded.
The orc warrior hits you with a mace.
* * * LOW HITPOINT WARNING * * *
You hit the orc warrior but do no damage.
The orc warrior is moderately wounded.
The orc warrior blinks!
You barely miss the orc. The orc hits you but does no damage.
You hit the orc but do no damage.
The orc blinks!
You barely miss the orc. You block the orc's attack.
The orc jeers to no one in particular.
You hit the orc warrior but do no damage.
Space warps horribly around the orc warrior!
The orc warrior is almost dead.
The orc warrior hits you with a mace!
You die...

... #...# #.####
#..... #.##.##
#......
#.#...####........
#.....oo.o........
#o#...####...>....
#.##.## #......
#.######## #.....
#.oo@o.<.# #...#
##.######.#####+##.
#.#....##..........
##.###.##..####..#.
#.###.##..# .#
#.......).###...##
####...##........#
#............##
#...#######.##


You could see an orc warrior and 2 orcs.

Vanquished Creatures
  An adder (D:2)
  4 giant geckos
  2 orcs (D:3)
  2 ball pythons (D:2)
  3 bats
  7 hobgoblins
  3 giant cockroaches
  3 giant newts
  2 goblins (D:2)
  6 kobolds
  13 rats
46 creatures vanquished.

Vanquished Creatures (others)
  A giant newt (D:3)
1 creature vanquished.

Grand Total: 47 creatures vanquished

Notes
Turn   | Place    | Note
--------------------------------------------------------------
     0 | D:1      | Crauler, the Halfling Fighter, began the quest for the Orb.
     0 | D:1      | Reached XP level 1. HP: 15/15 MP: 1/1
    78 | D:1      | Reached XP level 2. HP: 16/20 MP: 2/2
   382 | D:1      | Reached XP level 3. HP: 24/26 MP: 3/3
   523 | D:2      | Found a snail-covered altar of Cheibriados.
   938 | D:2      | Reached XP level 4. HP: 25/31 MP: 4/4
  1023 | D:2      | Found a bloodstained altar of Trog.
  1627 | D:3      | Reached skill level 1 in Short Blades
  1710 | D:3      | Noticed an orc warrior
  1740 | D:3      | Mangled by an orc warrior

Action                   |  1- 3 |  4- 6 || total
-------------------------+-------+-------++-------
Melee: Long sword        |   129 |     1 ||   130
       Dagger            |       |    34 ||    34
  Eat: Chunk             |       |     3 ||     3
